 Dungeon Crawl Stone Soup version 0.17.1-2-g5865329 (webtiles) character file.

249 letownia the Ruffian (level 5, -5/45 HPs)
             Began as a Troll Wizard on Feb 5, 2016.
             Slain by Uhlv's ghost (11 damage)
             ... on level 4 of the Dungeon.
             The game lasted 00:04:18 (1976 turns).

letownia the Ruffian (Troll Wizard)                 Turns: 1976, Time: 00:04:19

Health: -5/45      AC:  6    Str: 15    XL:     5   Next: 86%
Magic:  7/7        EV:  9    Int: 15    God:
Gold:   187        SH:  0    Dex:  8    Spells: 4 memorised, 0 levels left

rFire  . . .     SeeInvis .       - Unarmed
rCold  . . .     Clarity  .     a - +0 robe
rNeg   . . .     SustAt   .     (no shield)
rPois  .         Gourm    +     b - +0 hat
rElec  .         Spirit   .     m - +0 cloak
rCorr  .         Warding  .     (gloves unavailable)
rMut   .         Stasis   .     (boots unavailable)
MR     .....                    (no amulet)
Stlth  +.........               (no ring)
                                k - ring of flight

@: repel missiles, not resistant to hostile enchantments, very unstealthy
A: unfitting armour, claws 3, fast metabolism 3, gourmand, regeneration 2,
shaggy fur 1, tough skin 2
a: Evoke Flight


You were on level 4 of the Dungeon.
You were very full.

You visited 1 branch of the dungeon, and saw 4 of its levels.

You collected 187 gold pieces.

Inventory:

Missiles
 t - 8 needles of slowing
Armour
 a - a +0 robe (worn)
 b - a +0 hat (worn)
 m - a +0 cloak (worn)
Jewellery
 k - a ring of flight (left claw)
Scrolls
 f - 4 scrolls of identify {unknown}
 h - a scroll of fog {unknown}
 n - 2 scrolls of recharging {unknown}
 o - a scroll of enchant weapon {unknown}
 p - 3 scrolls of teleportation {unknown}
 r - 3 scrolls of remove curse {unknown}
 s - a scroll of enchant armour {unknown}
 v - 2 scrolls of amnesia {unknown}
Potions
 e - 2 potions of degeneration {unknown}
 j - 3 potions of might {unknown}
 u - a potion of brilliance {unknown}
Books
 c - a book of Minor Magic

   Spells                             Type                      Level
   a - Magic Dart                     Conjuration                  1
   b - Blink                          Translocation                2
   c - Call Imp                       Summoning                    2
   d - Repel Missiles                 Charms/Air                   2
   e - Slow                           Hexes                        2
   f - Conjure Flame                  Conjuration/Fire             3
   g - Mephitic Cloud                 Conjuration/Poison/Air       3
Comestibles
 d - 5 bread rations
 g - 3 fruits
 i - a meat ration
 q - a slice of pizza


   Skills:
 + Level 0.0 Fighting
 - Level 1.5 Dodging
 - Level 1.1 Stealth
 - Level 5.0 Unarmed Combat
 - Level 2.0 Spellcasting
 + Level 1.3 Conjurations
   Level 0.6 Summonings
 + Level 0.6 Translocations
 + Level 0.6 Air Magic
 + Level 1.0 Poison Magic


You couldn't memorise any spells.
You knew the following spells:

 Your Spells              Type           Power        Failure   Level  Hunger
a - Magic Dart            Conj           #...         14%         1    #......
b - Blink                 Tloc           N/A          28%         2    ###....
e - Mephitic Cloud        Conj/Pois/Air  #.......     56%         3    ###....
r - Repel Missiles        Chrm/Air       #.....       34%         2    ###....


Dungeon Overview and Level Annotations

Branches:
Dungeon (4/15)
 Temple: D:4-7

Altars:
Xom
Zin

Annotations:
D:4 Uhlv's ghost, novice HOFi


Innate Abilities, Weirdness & Mutations

You are too large for most types of armour.
You have claws for hands.
Your metabolism is lightning-fast.
You like to eat raw meat.
You heal very quickly.
You are covered in fur (AC +1).
You have very tough skin (AC +2).


Message History

You barely miss Uhlv's ghost.
Uhlv's ghost is almost destroyed.
Uhlv's ghost hits you! Uhlv's ghost burns you.
You barely miss Uhlv's ghost.
Uhlv's ghost is almost destroyed.
Uhlv's ghost closely misses you.
You scratch Uhlv's ghost.
Uhlv's ghost is almost destroyed.
Uhlv's ghost closely misses you.
You scratch Uhlv's ghost but do no damage.
Uhlv's ghost is almost destroyed.
You barely miss Uhlv's ghost.
Uhlv's ghost is almost destroyed.
Uhlv's ghost hits you!
* * * LOW HITPOINT WARNING * * *
Uhlv's ghost burns you.
* * * LOW HITPOINT WARNING * * *
Unknown command.
Uhlv's ghost hits you!
You die...

##....#.....###..............#.♣
#.....#..#...#........#######..
#.....#...[#..........# ###
####....##..#.........#
##..####.#.........#######
####...###..##.##.####.....###
#.......###....##.###.........
#.....#...####....##..........
#>....###...#@....##..........
#.......###.W#.....#..........
#.....#.# ##o#.#.#.#....).....
#.......# #.#.#[#.#..........
####.#.)# #.#.#.#............
#.#..####<#................
##..........................
#...........................
#......###..#...............


You could see Uhlv's ghost and an orc.

Vanquished Creatures
  An ogre (D:3)
  A centaur skeleton (D:4)
  A worker ant (D:4)
  A hound skeleton (D:4)
  4 adders
  A worm (D:3)
  3 giant geckos
  3 orcs (D:3)
  A ball python (D:4)
  11 bats
  3 goblins (D:3)
  7 hobgoblins
  9 jackals (D:3)
  6 kobolds
  A quokka (D:4)
  2 giant cockroaches
  3 giant newts
  3 rats
61 creatures vanquished.

Notes
Turn   | Place    | Note
--------------------------------------------------------------
     0 | D:1      | letownia the Troll Wizard began the quest for the Orb.
     0 | D:1      | Reached XP level 1. HP: 16/16 MP: 2/2
    21 | D:1      | Reached skill level 1 in Unarmed Combat
    79 | D:1      | Reached XP level 2. HP: 10/24 MP: 4/4
   547 | D:1      | Learned a level 2 spell: Blink
   550 | D:1      | Learned a level 2 spell: Repel Missiles
   619 | D:2      | Reached XP level 3. HP: 25/31 MP: 5/5
   629 | D:2      | Found a shimmering altar of Xom.
   859 | D:2      | Reached skill level 3 in Unarmed Combat
  1044 | D:3      | Reached XP level 4. HP: 33/39 MP: 6/6
  1221 | D:3      | Reached skill level 4 in Unarmed Combat
  1234 | D:3      | Noticed an ogre
  1254 | D:3      | Killed an ogre
  1254 | D:3      | Reached skill level 5 in Unarmed Combat
  1254 | D:3      | Reached XP level 5. HP: 26/45 MP: 2/7
  1259 | D:3      | Learned a level 3 spell: Mephitic Cloud
  1568 | D:4      | Reached skill level 1 in Conjurations
  1638 | D:4      | Reached skill level 1 in Poison Magic
  1679 | D:4      | Found a glowing silver altar of Zin.
  1718 | D:4      | Noticed Uhlv's ghost (novice HOFi)
  1976 | D:4      | Slain by Uhlv's ghost

Action                   |  1- 3 |  4- 6 || total
-------------------------+-------+-------++-------
Melee: Unarmed           |   129 |   141 ||   270
 Cast: Repel Missiles    |     1 |     1 ||     2
       Magic Dart        |       |     3 ||     3
 Stab: Sleeping          |     2 |     1 ||     3
  Eat: Chunk             |    15 |     7 ||    22
